Map: Radhuset Station LE

Players

Saosi - Winner!

  • Race: Protoss Protoss
  • Spawn Location: 1:00

demzi

  • Race: Zerg Zerg
  • League: Silver
  • Spawn Location: 7:00

VOD

Have the link to the VOD?

Description

Time

  • Played on: March 20, 2024, 7:37 p.m.
  • Length: 12:06
Show
View Real Time Build Order
Export as new Build Order

Saosi Protoss - Winner!

Build Orders: 1 Gate Expand, Carriers 

Get SALT Encoding   

  12  0:01  Probe  
  13  0:13  Probe  
  14  0:20  Pylon  
  14  0:25  Probe  
  15  0:38  Probe (Chrono Boost)  
  15  0:39  Gateway  
  16  0:44  Assimilator  
  16  0:47  Probe (Chrono Boost)  
  17  0:53  Probe  
  18  1:05  Probe  
  19  1:17  Probe  
  20  1:29  Probe  
  20  1:30  Nexus  
  21  1:38  Cybernetics Core  
  21  1:44  Assimilator  
  21  1:46  Probe  
  22  1:53  Pylon  
  22  1:58  Probe  
  23  2:11  Probe  
  23  2:12  Adept (Chrono Boost)  
  26  2:20  Stargate  
  26  2:23  Probe  
  27  2:32  Adept (Chrono Boost)  
  27  2:34  Warp Gate  
  30  2:37  Probe (Chrono Boost)  
  30  2:42  Probe (Chrono Boost)  
  33  2:51  Probe (Chrono Boost)  
  33  2:52  Probe (Chrono Boost)  
  33  2:59  Probe x2  
  35  3:10  Void Ray (Chrono Boost)  
  35  3:11  Probe  
  35  3:12  Probe  
  41  3:22  Pylon  
  41  3:23  Probe  
  41  3:24  Probe  
  43  3:27  Stalker  
  45  3:35  Probe  
  46  3:42  Probe  
  46  3:45  Nexus  
  46  3:48  Probe  
  48  3:49  Pylon  
  48  3:54  Probe  
  49  4:02  Void Ray (Chrono Boost)  
  53  4:03  Probe  
  53  4:05  Assimilator  
  53  4:09  Probe  
  55  4:13  Pylon  
  55  4:23  Probe  
  54  4:26  Assimilator  
  54  4:28  Shield Battery  
  54  4:30  Probe  
  54  4:31  Gateway  
  58  4:38  Probe  
  58  4:41  Protoss Air Weapons Level 1 (Chrono Boost)  
  58  4:42  Probe  
  58  4:43  Void Ray  
  59  4:46  Forge  
  59  4:50  Probe (Chrono Boost)  
  59  4:52  Shield Battery  
  60  4:57  Shield Battery, Probe (Chrono Boost)  
  60  4:58  Probe (Chrono Boost)  
  62  5:03  Probe (Chrono Boost)  
  65  5:07  Probe (Chrono Boost)  
  65  5:09  Probe x2 (Chrono Boost)  
  65  5:12  Probe (Chrono Boost)  
  67  5:16  Fleet Beacon  
  67  5:17  Probe  
  67  5:19  Probe  
  69  5:23  Probe  
  69  5:27  Stargate  
  70  5:29  Probe  
  70  5:31  Probe  
  70  5:34  Assimilator  
  72  5:36  Probe  
  72  5:37  Assimilator  
  72  5:39  Pylon  
  72  5:41  Probe  
  74  5:43  Probe  
  74  5:48  Probe  
  76  5:53  Probe  
  76  5:55  Probe  
  78  6:00  Probe  
  79  6:05  Probe  
  79  6:06  Photon Cannon  
  79  6:07  Probe  
  79  6:08  Photon Cannon  
  79  6:10  Photon Cannon  
  81  6:12  Photon Cannon, Probe  
  81  6:14  Pylon  
  81  6:15  Nexus  
  81  6:17  Pylon, Probe  
  83  6:19  Probe  
  84  6:31  Carrier (Chrono Boost)  
  90  6:36  Carrier (Chrono Boost), Protoss Air Weapons Level 2 (Chrono Boost)  
  96  6:46  Photon Cannon  
  96  6:47  Pylon  
  96  6:51  Photon Cannon  
  96  6:58  Stargate  
  96  7:00  Stargate  
  96  7:02  Pylon  
  96  7:06  Photon Cannon  
  96  7:07  Shield Battery  
  96  7:09  Photon Cannon  
  96  7:15  Pylon  
  96  7:17  Pylon  
  96  7:18  Probe x3  
  99  7:27  Carrier (Chrono Boost)  
  99  7:29  Carrier (Chrono Boost)  
  99  7:30  Probe  
  99  7:32  Protoss Shields Level 1 (Chrono Boost)  
  112  7:38  Probe x3  
  112  7:41  Assimilator  
  112  7:43  Assimilator  
  115  7:46  Pylon  
  115  7:48  Carrier  
  121  7:54  Carrier  
  127  8:00  Robotics Facility  
  127  8:07  Photon Cannon  
  127  8:10  Photon Cannon  
  127  8:12  Shield Battery  
  127  8:14  Carrier  
  127  8:27  Carrier  
  139  8:47  Protoss Air Weapons Level 3 (Chrono Boost)  
  139  8:52  Carrier  
  145  8:57  Nexus, Observer, Pylon  
  145  8:59  Carrier  
  145  9:01  Pylon  
  146  9:03  Assimilator  
  146  9:05  Assimilator  
  146  9:08  Pylon  
  152  9:18  Carrier (Chrono Boost), Observer  
  152  9:20  Probe  
  152  9:21  Probe  
  161  9:27  Pylon  
  161  9:28  Pylon  
  167  9:32  Carrier (Chrono Boost), Photon Cannon  
  167  9:34  Photon Cannon  
  167  9:38  Shield Battery  
  167  9:40  Observer, Shield Battery  
  168  9:57  Carrier (Chrono Boost)  
  174  10:02  Photon Cannon  
  174  10:04  Photon Cannon  
  174  10:06  Photon Cannon  
  174  10:10  Carrier (Chrono Boost), Photon Cannon  
  174  10:11  Photon Cannon  
  174  10:12  Twilight Council  
  174  10:13  Photon Cannon  
  180  10:19  Carrier (Chrono Boost)  
  185  10:28  Carrier (Chrono Boost)  
  191  10:54  Carrier  
  197  11:14  Pylon  
  197  11:17  Photon Cannon  
  197  11:20  Photon Cannon  
  197  11:21  Photon Cannon  
  197  11:23  Photon Cannon  
  197  11:26  Shield Battery  
  197  11:30  Pylon  
  197  11:36  Pylon  
  197  11:48  Nexus  
  197  11:52  Assimilator  
  197  11:55  Assimilator  
  197  11:58  Pylon  
  191  12:02  Pylon  
  191  12:06  Pylon  
Show
View Real Time Build Order
Export as new Build Order

demzi Zerg 

Build Orders: Hatch First 

Get SALT Encoding   

  12  0:00  Drone  
  13  0:13  Overlord  
  13  0:20  Drone  
  14  0:35  Drone x2  
  16  0:51  Hatchery  
  16  0:54  Drone  
  16  0:57  Drone  
  16  1:02  Drone  
  18  1:10  Drone  
  19  1:15  Extractor  
  18  1:22  Spawning Pool  
  17  1:28  Drone  
  17  1:29  Drone  
  20  1:54  Drone x2  
  21  2:08  Overlord  
  21  2:09  Queen x2  
  21  2:14  Zergling x4  
  27  2:20  Overlord  
  27  2:32  Drone x2  
  27  2:34  Drone  
  27  2:36  Drone  
  31  2:45  Drone  
  31  2:50  Queen  
  34  2:58  Zergling x6  
  36  3:03  Lair  
  35  3:06  Drone  
  35  3:09  Drone  
  37  3:17  Overlord  
  37  3:24  Drone x2  
  37  3:25  Overlord  
  39  3:32  Drone, Roach Warren  
  37  3:42  Zergling x4  
  37  3:43  Queen  
  37  3:47  Drone  
  41  3:48  Drone  
  41  3:51  Drone  
  41  3:52  Drone  
  44  4:03  Spore Crawler  
  44  4:04  Spore Crawler  
  44  4:06  Spore Crawler  
  44  4:07  Spore Crawler  
  44  4:08  Drone  
  40  4:19  Overlord  
  37  4:28  Drone x5  
  37  4:29  Drone  
  43  4:36  Drone x3  
  46  4:39  Drone, Extractor  
  46  4:40  Drone  
  46  4:41  Extractor  
  46  4:42  Drone  
  47  4:50  Queen  
  49  4:57  Hydralisk Den  
  49  4:58  Overlord  
  48  5:04  Drone x3  
  51  5:08  Drone x2  
  51  5:09  Drone  
  54  5:24  Hatchery  
  54  5:28  Hydralisk x2  
  55  5:30  Hydralisk  
  55  5:34  Hydralisk  
  61  5:49  Overlord x2  
  61  5:50  Hydralisk x2  
  61  5:51  Hydralisk  
  67  6:13  Muscular Augments  
  67  6:14  Evolution Chamber  
  67  6:15  Evolution Chamber  
  67  6:16  Drone x3  
  68  6:22  Drone x7  
  68  6:25  Overlord x2  
  75  6:38  Drone  
  75  6:39  Drone x5  
  81  6:50  Spore Crawler  
  80  6:54  Spore Crawler  
  80  6:55  Drone x6  
  80  6:58  Extractor  
  80  7:00  Extractor  
  83  7:03  Drone x2  
  85  7:09  Drone x3  
  85  7:10  Drone x2  
  85  7:12  Drone  
  91  7:16  Overlord x3  
  91  7:17  Overlord  
  91  7:21  Zerg Missile Weapons Level 1  
  91  7:22  Zerg Ground Armor Level 1  
  91  7:36  Overlord x2  
  91  7:37  Overlord  
  91  7:38  Drone  
  92  7:46  Hydralisk x7  
  92  7:47  Hydralisk  
  92  7:49  Roach  
  92  7:51  Roach  
  112  7:59  Spire  
  112  8:03  Overseer  
  112  8:05  Pneumatized Carapace  
  111  8:06  Hydralisk  
  111  8:07  Hydralisk x3  
  111  8:08  Roach  
  111  8:11  Roach  
  111  8:12  Roach  
  125  8:13  Roach  
  125  8:16  Overseer  
  127  8:31  Roach x5  
  127  8:32  Roach  
  127  8:33  Roach  
  141  8:35  Roach  
  141  8:36  Hatchery  
  141  8:38  Overlord  
  141  8:39  Overlord  
  142  8:42  Overlord  
  142  9:01  Roach x10  
  142  9:02  Roach  
  164  9:03  Overlord  
  164  9:28  Roach  
  164  9:29  Roach x9  
  184  9:31  Overlord x3  
  184  9:52  Drone x2, Extractor  
  186  9:53  Drone x3  
  186  9:54  Drone x3  
  186  9:55  Drone x2, Extractor  
  192  10:09  Zerg Flyer Weapons Level 1  
  192  10:12  Glial Reconstitution  
  192  10:13  Grooved Spines  
  153  10:58  Ravager  
  153  11:01  Corruptor x6  
  153  11:02  Corruptor x5  
  142  11:09  Ravager  
  130  11:25  Corruptor x3  
  130  11:32  Drone x3  
  141  11:34  Extractor  
  141  11:36  Corruptor  
  141  11:37  Corruptor  
Tags
 
Add a new tag
Caveats
  • Supply blocks, unpowered buildings, or Contaminate may cause inaccurate times.
  • Supply counts are checked every 10 seconds.